 Dungeon Crawl Stone Soup version 0.21-a0-528-gf531e82 (webtiles) character file.

1957 slep the Chopper (level 8, -2/61 HPs)
             Began as a Demonspawn Fighter on Dec 9, 2017.
             Was a Follower of Okawaru.
             Slain by Psyche
             ... wielding a +4 dagger of chaos
              (13 damage)
             ... on level 8 of the Dungeon.
             The game lasted 00:20:50 (6075 turns).

slep the Chopper (Demonspawn Fighter)               Turns: 6075, Time: 00:20:51

Health: -2/61      AC: 12    Str: 17    XL:     8   Next: 99%
Magic:  8/8        EV:  9    Int: 10    God:    Okawaru [*.....]
Gold:   359        SH:  9    Dex: 14    Spells: 7/7 levels left

rFire    . . .     SeeInvis .   a - +0 war axe
rCold    . . .     Gourm    .   c - +0 shield
rNeg     + . .     Faith    .   b - +0 scale mail
rPois    .         Spirit   .   (no helmet)
rElec    .         Reflect  .   (no cloak)
rCorr    .         Harm     .   (no gloves)
MR       .....                  G - +0 pair of boots
Stlth    ..........             y - amulet of magic regeneration
HPRegen  0.20/turn              p - ring of positive energy
MPRegen  0.36/turn              q - +4 ring of protection

@: lethally poisoned (-2 -> -3), about to teleport, hasted, drained, very quick
A: talons 1, demonic guardian 2, sturdy frame 1
a: Heroism, Renounce Religion


You were on level 8 of the Dungeon.
You worshipped Okawaru.
Okawaru was aware of your devotion.
You were very hungry.

You visited 2 branches of the dungeon, and saw 9 of its levels.
You also visited: Sewer.

You collected 359 gold pieces.

Inventory:

Hand Weapons
 a - a +0 war axe (weapon)
 t - a +0 blowgun
 I - a +3 spear of piercing
Missiles
 u - 11 poisoned needles
 v - 14 tomahawks (quivered)
Armour
 b - a +0 scale mail (worn)
 c - a +0 shield (worn)
 G - a +0 pair of boots (worn)
Jewellery
 p - a ring of positive energy (left hand)
 q - a +4 ring of protection (right hand)
 y - an amulet of magic regeneration (around neck)
Wands
 H - a wand of disintegration (16)
 J - a wand of iceblast (8)
Scrolls
 i - a scroll of magic mapping {unknown}
 j - 6 scrolls of amnesia {unknown}
 l - 10 scrolls of teleportation {unknown}
 m - a scroll of remove curse {unknown}
 r - 9 scrolls of identify {unknown}
 x - 4 scrolls of enchant weapon {unknown}
 A - 2 scrolls of fear {unknown}
 E - a scroll of blinking {unknown}
 F - 2 scrolls of random uselessness {unknown}
Potions
 d - 2 potions of might
 e - a potion of cancellation {unknown}
 h - 4 potions of curing {unknown}
 n - 2 potions of agility {unknown}
 o - 7 potions of heal wounds {unknown}
 s - a potion of degeneration {unknown}
 z - 3 potions of lignification {unknown}
 B - a potion of invisibility {unknown}
 C - a potion of ambrosia {unknown}
 D - 3 potions of magic {unknown}
Comestibles
 f - 4 bread rations
 g - 4 fruits
 k - 6 meat rations
 w - a royal jelly


   Skills:
 + Level 4.9(4.7) Fighting
 + Level 7.7(7.4) Axes
 + Level 0.7(0.5) Throwing
 + Level 5.0(4.8) Armour
 + Level 2.7(2.5) Dodging
 + Level 0.6(0.4) Stealth
 + Level 4.7(4.5) Shields


You had 7 spell levels left.
You didn't know any spells.

Dungeon Overview and Level Annotations

Branches:
Dungeon (8/15)             Temple (1/1) D:6
   Lair: D:8-11

Altars:
Ashenzari
Cheibriados
Dithmenos
Elyvilon
Fedhas
Gozag
Hepliaklqana
Kikubaaqudgha
Nemelex Xobeh
Okawaru
Qazlal
Ru
Sif Muna
Trog
Uskayaw
Vehumet
Wu Jian
Xom
Zin
The Shining One

Shops:
D:5 %   D:6 }   D:7 }

Annotations:
D:8 Psyche


Innate Abilities, Weirdness & Mutations

You have sharp toenails.
A demonic guardian rushes to your aid.
Your movements are slightly less encumbered by armour. (ER -2)


Message History

Something burns you.
* * * LOW HITPOINT WARNING * * *
You hit something but do no damage.
You are feeling very hungry.
You block something's attack.
You barely miss something. Something hits you but does no damage.
You feel strangely unstable. Something hits you but does no damage.
You are poisoned.
You miss something.
You feel sick. Something hits you but does no damage.
You hear some strange, mumbled words.
A magic dart appears from out of thin air!
The magic dart hits you!
* * * LOW HITPOINT WARNING * * *
You miss something. Something hits you but does no damage.
You hear some strange, mumbled words.
You barely miss something. Something hits you.
* * * LOW HITPOINT WARNING * * *
You slash something!
You feel sick. Something hits you but does no damage.
You are electrocuted!
You die...

.#####..# .#
........## ##.#
.........####..#
...[####...##..#
## ..###
###.....# ...
.## ##....# .>..
..# ##...# .....
...#
##..###....).
....
#...@{.....# ...
#...###.....#
#..### ##...
....# . ....#
.... ... ..


There were no monsters in sight!

Vanquished Creatures
  A steam dragon (D:5)
  2 ice beasts
  2 sky beasts
  2 ogres
  A bullfrog (D:7)
  2 scorpions
  A crimson imp (D:5)
  2 orc priests
  A hound (D:5)
  2 jellies (D:7)
  An iguana (D:4)
  An orc wizard (D:2)
  2 worker ants
  A hound zombie (D:5)
  A hound skeleton (D:4)
  2 worker ant zombies
  12 adders
  3 gnolls (D:7)
  A howler monkey skeleton (D:7)
  3 shadow imps
  2 oozes
  An adder skeleton (D:5)
  3 worms
  A dart slug (D:1)
  5 leopard geckos
  15 orcs
  2 ball pythons
  4 giant cockroaches
  5 goblins
  3 hobgoblins
  15 jackals
  15 kobolds
  4 quokkas
  A ball python skeleton (D:5)
  9 bats
  10 frilled lizards
  A leopard gecko zombie (D:5)
  6 rats
  2 plants (Sewer)
147 creatures vanquished.

Vanquished Creatures (collateral kills)
  A steam dragon (D:5)
  A hornet zombie (D:5)
  2 phantoms
  An ogre (D:7)
  2 centaurs
  A bullfrog (D:7)
  A hound (D:6)
  An orc wizard (D:2)
  A jelly (D:5)
  A bullfrog skeleton (D:5)
  A gnoll (D:7)
  An orc (D:2)
  A quokka (D:5)
15 creatures vanquished.

Vanquished Creatures (others)
  2 plants (Sewer)
2 creatures vanquished.

Grand Total: 164 creatures vanquished

Notes
Turn   | Place    | Note
-------+----------+-------------------------------------------
     0 | D:1      | slep the Demonspawn Fighter began the quest for the Orb.
     0 | D:1      | Reached XP level 1. HP: 18/18 MP: 1/1
    60 | D:1      | Reached skill level 2 in Axes
    65 | D:1      | Gained mutation: A weak demonic guardian rushes to your aid. [demonic ancestry]
    65 | D:1      | Reached XP level 2. HP: 19/24 MP: 2/2
   619 | D:2      | Gained mutation: You have sharp toenails. [demonic ancestry]
   619 | D:2      | Reached XP level 3. HP: 29/29 MP: 3/3
   630 | D:2      | Gained mutation: Your movements are slightly less encumbered by armour. (ER -2) [demonic ancestry]
   630 | D:2      | Reached XP level 4. HP: 8/35 MP: 4/4
   889 | D:2      | Found a shadowy altar of Dithmenos.
  1004 | D:2      | Reached skill level 3 in Axes
  1503 | D:3      | Reached XP level 5. HP: 29/41 MP: 5/5
  2066 | D:4      | Reached skill level 1 in Dodging
  2145 | D:4      | Noticed an ogre
  2152 | D:4      | Killed an ogre
  2198 | D:4      | Reached skill level 4 in Axes
  2198 | D:4      | Gained mutation: A demonic guardian rushes to your aid. [demonic ancestry]
  2198 | D:4      | Reached XP level 6. HP: 43/47 MP: 6/6
  2881 | D:5      | Entered Level 5 of the Dungeon
  2941 | D:5      | Noticed a steam dragon
  2942 | D:5      | Noticed a steam dragon
  2944 | D:5      | Killed a steam dragon
  2947 | D:5      | Killed a steam dragon
  2947 | D:5      | Reached XP level 7. HP: 29/53 MP: 7/7
  3012 | D:5      | Found a glowing drain.
  3124 | Sewer    | Entered a sewer
  3141 | Sewer    | Reached skill level 5 in Axes
  3796 | D:5      | Found Puwiaw's Food Emporium.
  4077 | D:5      | Reached XP level 8. HP: 25/60 MP: 8/8
  4275 | D:5      | Found a bloodstained altar of Trog.
  4501 | D:6      | Reached skill level 6 in Axes
  4585 | D:6      | Found Byvura's Gadget Shoppe.
  4703 | D:6      | Found a staircase to the Ecumenical Temple.
  4710 | Temple   | Entered the Ecumenical Temple
  4745 | Temple   | Became a worshipper of Warmaster Okawaru
  5406 | D:7      | Reached * piety under Okawaru
  5413 | D:7      | Reached skill level 7 in Axes
  5531 | D:7      | Found Japutof's Gadget Boutique.
  5703 | D:7      | Reached skill level 5 in Armour
  6036 | D:8      | Noticed Psyche
  6075 | D:8      | Slain by Psyche

Vault maps used:
D:1:      dpeg_chamrin_arrival_tetris, due_unseen_surprise
D:2:      nicolae_dithmenos_through_a_glass_darkly
D:5:      kennysheep_steamy, serial_shops, kennysheep_mini, first_bread,
          gup_sewer_entry_glass, trog_butcher_becter
D:6:      minmay_temple_entry_junction, serial_shops, nicolae_shop_crystal
D:7:      serial_shops, kennysheep_mini_moat
D:8:      hangedman_ranch, uniq_joseph, uniq_prince_ribbit1, uniq_psyche
Temple:   hc_temple_tempest_star
Sewer:    sewer_co_scattered_pipes

Skill      XL: |  1  2  3  4  5  6  7  8 |
---------------+-------------------------+-----
Axes           | 2 3 4 5 7 |  7.7
Armour         | 3 4 5 |  5.0
Shields        | 3 4 |  4.7
Dodging        | 1 2 |  2.7
Fighting       | 4 |  4.9
Throwing       | |  0.7
Stealth        | |  0.6

Action                   |  1- 3 |  4- 6 |  7- 9 || total
-------------------------+-------+-------+-------++-------
Melee: War axe           |    74 |   152 |   345 ||   571
       Kick              |     2 |    42 |    89 ||   133
Throw: Tomahawk          |       |     1 |     7 ||     8
  Eat: Chunk             |       |     5 |    12 ||    17
Armor: Scale mail        |    54 |    71 |   163 ||   288
Dodge: Dodged            |    30 |    49 |   103 ||   182
Block: Shield            |    44 |    65 |   142 ||   251

Table legend:
 A = Spawn XP
 B = Non-spawn XP
 C = Spawn XP percentage of total XP
 D = Spawn monster count
 E = Non-spawn monster count
 F = Spawn count percentage of total count
 G = Total turns spent on level
                    A         B        C        D         E        F      G
               +---------+---------+-------+---------+---------+-------+---------
         Total |       0 |    2796 |   0.0 |       0 |     160 |   0.0 |  6075
               +---------+---------+-------+---------+---------+-------+---------
           D:1 |       0 |      32 |   0.0 |       0 |      19 |   0.0 |   488
           D:2 |       0 |     132 |   0.0 |       0 |      23 |   0.0 |   817
           D:3 |       0 |      51 |   0.0 |       0 |      18 |   0.0 |   750
           D:4 |       0 |     316 |   0.0 |       0 |      12 |   0.0 |   826
           D:5 |       0 |     866 |   0.0 |       0 |      26 |   0.0 |   972
           D:6 |       0 |     233 |   0.0 |       0 |      15 |   0.0 |   388
           D:7 |       0 |     900 |   0.0 |       0 |      19 |   0.0 |   859
           D:8 |       0 |     186 |   0.0 |       0 |       5 |   0.0 |    94
         Sewer |       0 |      80 |   0.0 |       0 |      23 |   0.0 |   632
               +---------+---------+-------+---------+---------+-------+---------
